 Dungeon Crawl Stone Soup version 0.23.0-33-g5e6c059 (webtiles) character file.

Game seed: 12479503035058232530

37 Borgoz the Sneak (level 3, -1/25 (27) HPs)
             Began as a Ghoul Enchanter on Feb 26, 2019.
             Slain by a bullfrog (9 damage)
             ... on level 3 of the Dungeon.
             The game lasted 00:03:32 (1098 turns).

Borgoz the Sneak (Ghoul Enchanter)                  Turns: 1098, Time: 00:03:32

HP:   -1/25 (27)    AC:  2    Str: 11    XL:     3   Next: 39%
MP:   0/4           EV: 12    Int: 10    God:
Gold: 59            SH:  0    Dex: 10    Spells: 2/5 levels left

rFire    . . .     SeeInvis .     - Unarmed
rCold    + . .     Gourm    .   (no shield)
rNeg     + + +     Faith    .   b - +0 robe
rPois    ∞         Spirit   .   (no helmet)
rElec    .         Reflect  .   (no cloak)
rCorr    .         Harm     .   (no gloves)
MR       .....                  (no boots)
Stlth    ++........             (no amulet)
HPRegen  0.00/turn              (no ring)
MPRegen  0.09/turn              (no ring)

@: rotting
A: rotting body, claws 1, carnivore, cold resistance 1, negative energy
resistance 3, inhibited regeneration, torment resistance, unbreathing
a: no special abilities


You were on level 3 of the Dungeon.
You were not hungry.

You visited 1 branch of the dungeon, and saw 3 of its levels.

You collected 59 gold pieces.

Inventory:

Armour
 b - a +0 robe (worn)
Scrolls
 a - a scroll of random uselessness {unknown}
 c - a scroll of identify
Comestibles
 d - a ration


   Skills:
 + Level 0.7 Fighting
   Level 0.8 Short Blades
 * Level 2.2 Dodging
 - Level 3.2 Stealth
 * Level 1.5 Unarmed Combat
 + Level 1.9 Spellcasting
 * Level 2.7 Hexes


You had 2 spell levels left.
You knew the following spells:

 Your Spells              Type           Power        Failure   Level  Hunger
a - Corona                Hex            #......      10%         1    ##.....
b - Ensorcelled Hibernat  Hex/Ice        #.....       26%         2    ###....

Your spell library contained the following spells:

 Spells                   Type           Power        Failure   Level  Hunger
 Confuse                  Hex            #.......     30%         3    ####...
 Tukima's Dance           Hex            #.......     30%         3    ####...
 Dazzling Spray           Conj/Hex       #.....       47%         3    ####...


Dungeon Overview and Level Annotations

Branches:
Dungeon (3/15)

Altars:

Annotations:
D:2 Sigmund


Innate Abilities, Weirdness & Mutations

Your body is rotting away.
You thrive on raw meat.
You are immune to poison.
You have sharp fingernails.
You are carnivorous and can eat meat at any time.
Your flesh is cold resistant. (rC+)
You are immune to negative energy. (rN+++)
You do not regenerate when monsters are visible.
You are immune to unholy pain and torment.
You can survive without breathing.


Message History

You scratch the adder.
You kill the adder!
Casting: Corona (safe; 10% risk of failure)
Confirm with . or Enter, or press ? or * to list all spells.
Aiming: Ensorcelled Hibernation (safe; 26% risk of failure)
Press: ? - help, Shift-Dir - straight line, f - bullfrog
Aim: a bullfrog (chance to defeat MR: 35%)
The bullfrog easily resists.
The bullfrog barely misses you.
The bullfrog hits you but does no damage.
Casting: Ensorcelled Hibernation (safe; 26% risk of failure)
Confirm with . or Enter, or press ? or * to list all spells.
Aiming: Ensorcelled Hibernation (safe; 26% risk of failure)
Press: ? - help, Shift-Dir - straight line, f/p - bullfrog
Aim: a bullfrog (chance to defeat MR: 35%)
The bullfrog looks drowsy...
The helpless bullfrog fails to defend itself.
You scratch the bullfrog.
The bullfrog is moderately wounded.
The bullfrog hits you!
You die...

#######
#.....# .
#.###.# ...
#.# #.#
.....####.#
#.#
......F@..#
#.#
.....######
#.# ... #.# .
#.# #.#
###########.#
#...........#
#.###########
#...# ###


You could see a bullfrog.

Vanquished Creatures
  An adder (D:3)
  A dart slug (D:1)
  3 bats (D:1)
  2 giant cockroaches (D:1)
  7 goblins (D:1)
  2 hobgoblins
  A ball python (D:2)
  2 frilled lizards (D:1)
  3 kobolds (D:1)
  2 rats (D:1)
24 creatures vanquished.

Notes
Turn   | Place    | Note
-------+----------+-------------------------------------------
     0 | D:1      | Borgoz the Ghoul Enchanter began the quest for the Orb.
     0 | D:1      | Reached XP level 1. HP: 14/14 MP: 2/2
   278 | D:1      | Reached XP level 2. HP: 20/20 MP: 3/3
   384 | D:1      | Learned a level 2 spell: Ensorcelled Hibernation
   394 | D:1      | Reached skill level 1 in Unarmed Combat
   621 | D:1      | Reached XP level 3. HP: 27/27 MP: 4/4
   902 | D:2      | Noticed Sigmund
  1076 | D:3      | Noticed a bullfrog
  1098 | D:3      | Slain by a bullfrog

Skill      XL: |  1  2 |
---------------+-------+-----
Dodging        | 2 |  2.2
Unarmed Combat | 1 |  1.5
Fighting       | |  0.7
Short Blades   | |  0.8
Stealth        | |  3.2
Spellcasting   | |  1.9
Hexes          | |  2.7

Action                   || total
-------------------------++-------
Melee: Unarmed           ||   104
       Punch             ||     1
 Cast: Corona            ||     3
       Ensorcelled Hiber ||     2
  Use: Scroll            ||     5
 Stab: Sleeping          ||     2
  Eat: Chunk             ||     8
Armor: Robe              ||    21
Dodge: Dodged            ||    81
